Map: Abyssal Reef LE

Players

Vlign

  • Race: Terran Terran
  • League: Diamond
  • Spawn Location: 11:00

A.I. 1 (Elite) - Winner!

  • Race: Zerg Zerg
  • Spawn Location: 5:00

VOD

Have the link to the VOD?

Description

Time

  • Played on: July 18, 2018, 12:47 a.m.
  • Length: 7:31
Show
View Real Time Build Order
Export as new Build Order

Vlign Terran 

Build Orders:  

Get SALT Encoding   

  12  0:01  SCV  
  13  0:13  SCV  
  14  0:29  Supply Depot  
  14  0:30  SCV  
  14  0:34  Refinery  
  15  0:51  SCV  
  16  0:58  Barracks  
  16  1:03  SCV  
  17  1:15  SCV  
  18  1:18  Refinery  
  18  1:27  SCV  
  20  1:46  Orbital Command  
  19  1:47  Reaper  
  19  1:51  Factory  
  20  2:02  Supply Depot  
  20  2:13  SCV  
  21  2:22  Barracks Reactor  
  21  2:25  SCV  
  22  2:30  Command Center  
  24  2:37  Hellion, SCV  
  25  2:44  Supply Depot  
  25  2:49  SCV  
  26  3:02  SCV  
  27  3:07  Barracks Tech Lab  
  27  3:09  Hellion x2  
  31  3:14  SCV  
  32  3:26  SCV  
  33  3:32  Cyclone x2  
  39  3:41  SCV, Ghost Academy  
  39  3:45  Orbital Command  
  40  3:51  Barracks Tech Lab  
  40  3:52  Barracks  
  40  3:59  SCV  
  41  4:10  SCV  
  41  4:11  Refinery  
  41  4:13  Ghost  
  44  4:17  SCV  
  44  4:21  Cyclone  
  44  4:23  Refinery  
  48  4:25  Supply Depot  
  48  4:33  SCV x2  
  50  4:39  Ghost  
  50  4:44  Ghost  
  54  4:47  SCV  
  55  4:53  SCV  
  55  4:55  Cyclone  
  59  5:01  SCV  
  60  5:09  SCV  
  60  5:12  Supply Depot x2  
  61  5:18  Personal Cloaking  
  61  5:33  Cyclone x2  
  61  5:34  SCV x2  
  69  5:40  Supply Depot, Ghost  
  71  5:50  Ghost  
  71  5:51  SCV  
  71  5:52  SCV  
  75  6:05  Cyclone  
  75  6:10  Ghost  
  80  6:24  Ghost  
  82  6:26  SCV  
  83  6:33  Command Center  
Show
View Real Time Build Order
Export as new Build Order

A.I. 1 (Elite) Zerg - Winner!

Build Orders: Pool First 

Get SALT Encoding   

  12  0:00  Drone  
  13  0:12  Overlord  
  13  0:16  Drone  
  14  0:31  Drone x2  
  16  0:42  Spawning Pool  
  15  0:45  Drone  
  15  0:48  Drone  
  17  1:13  Hatchery, Drone  
  17  1:16  Extractor  
  16  1:19  Drone  
  16  1:21  Extractor  
  16  1:25  Drone  
  17  1:29  Drone  
  17  1:38  Drone  
  19  1:49  Overlord  
  19  1:56  Queen  
  21  2:01  Zergling x2  
  22  2:11  Drone  
  23  2:25  Queen  
  23  2:28  Drone  
  26  2:35  Drone  
  27  2:40  Drone  
  29  2:44  Drone  
  29  2:57  Roach Warren  
  28  3:00  Drone  
  28  3:03  Drone  
  30  3:07  Zergling x2  
  30  3:10  Zergling x2  
  32  3:16  Overlord  
  32  3:18  Drone  
  33  3:22  Drone  
  34  3:37  Roach  
  34  3:38  Roach x2  
  34  3:39  Roach  
  42  3:47  Lair  
  42  3:51  Overlord  
  42  3:56  Overlord  
  42  3:59  Zergling x2  
  42  4:02  Zergling x2  
  44  4:09  Zergling x2, Drone x2  
  47  4:12  Drone  
  47  4:13  Drone  
  49  4:17  Drone  
  49  4:21  Overlord  
  50  4:26  Roach  
  50  4:30  Roach  
  54  4:32  Roach  
  54  4:36  Roach  
  58  4:40  Overlord  
  58  4:46  Drone  
  58  4:47  Hydralisk Den  
  58  4:48  Drone  
  58  4:50  Drone  
  60  4:53  Roach  
  60  4:57  Roach  
  64  5:00  Overlord  
  64  5:07  Drone  
  64  5:09  Drone  
  64  5:11  Drone  
  64  5:13  Drone  
  68  5:15  Hydralisk, Drone  
  68  5:18  Hydralisk  
  73  5:21  Hydralisk  
  73  5:26  Overlord  
  75  5:29  Hydralisk  
  75  5:31  Drone  
  75  5:33  Drone  
  79  5:35  Drone  
  79  5:37  Drone  
  79  5:39  Drone  
  79  5:40  Drone  
  79  5:42  Drone  
  84  5:44  Drone  
  84  5:47  Overlord  
  85  5:50  Hydralisk  
  85  5:55  Hydralisk  
  85  5:56  Metabolic Boost  
  89  6:01  Evolution Chamber  
  89  6:04  Drone  
  89  6:06  Overlord  
  89  6:19  Ravager x2  
  89  6:21  Evolution Chamber  
  89  6:24  Lurker Den, Drone  
  90  6:26  Drone  
  90  6:29  Hatchery, Evolution Chamber  
  89  6:38  Drone  
  90  6:40  Drone  
  90  6:43  Zergling x2  
  90  6:44  Zergling x2  
  90  6:46  Zergling x2  
  93  6:47  Zergling x2  
  81  6:55  Extractor, Overseer  
  81  6:56  Zergling x4  
  81  6:58  Zergling x2  
  81  6:59  Roach  
  73  7:03  Roach  
  68  7:09  Roach  
  68  7:12  Zergling x2  
  68  7:13  Zergling x4  
  68  7:17  Drone x3  
  68  7:19  Extractor  
Tags
 
League
Diamond
Matchup
TvZ
Opening
Pool First
Replay Pack
replaypack2
Spawn Locations
Cross Positions
Add a new tag
Caveats
  • Supply blocks, unpowered buildings, or Contaminate may cause inaccurate times.
  • Supply counts are checked every 10 seconds.